AAA
VANCOUVER THUNDERBIRDS @ BAKERSFIELD CANNONS
07/25/2059
 
TOP OF THE 1ST
Vancouver Thunderbirds batting - Pitching for Bakersfield Cannons : RHP Jeremy Vanover
Pitching: RHP Jeremy Vanover
Batting: RHB Nickolas Kennedy 0-0: Ball
1-0: SINGLE (Line Drive, 4MD, EV 105.6 MPH)
Batting: LHB Emmanuel Thorn 0-0: Called Strike
0-1: Swinging Strike
0-2: Ball
1-2: Ball
2-2: Strikes out looking
Batting: SHB Kyle O'Brien 0-0: Called Strike
0-1: Ball
1-1: Swinging Strike
1-2: Foul Ball, location: 2F
1-2: Ball
2-2: Fly out, F7 (Flyball, 7S, EV 84.4 MPH)
Batting: LHB Colton Constable 0-0: Ball
1-0: Ball
2-0: SINGLE (Groundball, 13, EV 86.2 MPH) (infield hit)
Nickolas Kennedy to second
Batting: RHB Alan West 0-0: DOUBLE (Line Drive, 9LD, EV 111.9 MPH)
Nickolas Kennedy scores
Colton Constable to third
Runner from 3rd tries for Home, SAFE, no throw by RF
Batting: LHB Bubba Cain 0-0: Ball
1-0: DOUBLE (Line Drive, 8LXD, EV 106.9 MPH)
Alan West scores
Batting: RHB Ayden Harley 0-0: Foul Ball, location: 2F
0-1: Ground out 6-3 (Groundball, 6D, EV 103.8 MPH)
Top of the 1st over - 3 runs, 4 hits, 0 errors, 1 left on base; Vancouver 3 - Bakersfield 0
BOTTOM OF THE 1ST
Bakersfield Cannons batting - Pitching for Vancouver Thunderbirds : RHP Charlie Reilly
Pitching: RHP Charlie Reilly
Batting: RHB Zack Simmons 0-0: Ball
1-0: Ball
2-0: Called Strike
2-1: Swinging Strike
2-2: Foul Ball, location: 2F
2-2: Foul Ball, location: 2F
2-2: Ball
3-2: Strikes out swinging
Batting: RHB Kaileb Romero 0-0: Ball
1-0: DOUBLE (Groundball, 3L, EV 110.0 MPH)
Batting: LHB Keon Kakazai 0-0: Ball
1-0: Called Strike
1-1: SINGLE (Groundball, 56D, EV 96.2 MPH)
Kaileb Romero to third
Batting: RHB Adrian Gramling 0-0: Ball
1-0: Ball
2-0: Ball
3-0: Foul Ball, location: 2F
3-1: Called Strike
3-2: Foul Ball, location: 2F
3-2: Grounds into double play, 5-4-3 (Groundball, 56D, EV 91.2 MPH)
Bottom of the 1st over - 0 runs, 2 hits, 0 errors, 1 left on base; Vancouver 3 - Bakersfield 0
TOP OF THE 2ND
Vancouver Thunderbirds batting - Pitching for Bakersfield Cannons : RHP Jeremy Vanover
Batting: RHB Andrew Stejskal 0-0: Called Strike
0-1: Swinging Strike
0-2: Strikes out swinging
Batting: LHB Damien Sidamon 0-0: Ball
1-0: Ball
2-0: Called Strike
2-1: Foul Ball, location: 2F
2-2: Strikes out swinging
Batting: RHB Nickolas Kennedy 0-0: Ground out 3-1 (Groundball, 34S, EV 84.4 MPH)
Top of the 2nd over - 0 runs, 0 hits, 0 errors, 0 left on base; Vancouver 3 - Bakersfield 0
BOTTOM OF THE 2ND
Bakersfield Cannons batting - Pitching for Vancouver Thunderbirds : RHP Charlie Reilly
Batting: RHB Turk Dorey 0-0: Ground out 5-3 (Groundball, 56, EV 102.5 MPH)
Batting: RHB Adan Natoli 0-0: Called Strike
0-1: Ball
1-1: Called Strike
1-2: SINGLE (Line Drive, 89M, EV 96.9 MPH)
Batting: RHB Jake Christensen 0-0: Ball
1-0: Foul Ball, location: 2F
1-1: Ball
2-1: Ball
3-1: Grounds into double play, 4-6-3 (Groundball, 4, EV 83.1 MPH)
Bottom of the 2nd over - 0 runs, 1 hit, 0 errors, 0 left on base; Vancouver 3 - Bakersfield 0
TOP OF THE 3RD
Vancouver Thunderbirds batting - Pitching for Bakersfield Cannons : RHP Jeremy Vanover
Batting: LHB Emmanuel Thorn 0-0: Foul Ball, location: 2F
0-1: Ball
1-1: Ball
2-1: Foul Ball, location: 2F
2-2: Foul Ball, location: 2F
2-2: Ground out U3 (Groundball, 3, EV 106.9 MPH)
Batting: SHB Kyle O'Brien 0-0: Swinging Strike
0-1: Swinging Strike
0-2: Ball
1-2: Strikes out swinging, 2-3 out at first.
Batting: LHB Colton Constable 0-0: Fly out, F6 (Popup, 4MS, EV 83.1 MPH)
Top of the 3rd over - 0 runs, 0 hits, 0 errors, 0 left on base; Vancouver 3 - Bakersfield 0
BOTTOM OF THE 3RD
Bakersfield Cannons batting - Pitching for Vancouver Thunderbirds : RHP Charlie Reilly
Batting: LHB Carlton Carreon 0-0: Ball
1-0: Swinging Strike
1-1: Called Strike
1-2: Strikes out swinging
Batting: RHB Elroy Saenz 0-0: Ball
1-0: Ground out 5-3 (Groundball, 56, EV 86.2 MPH)
Batting: RHB Zack Simmons 0-0: Ball
1-0: SINGLE (Groundball, 56D, EV 102.5 MPH)
Batting: RHB Kaileb Romero 0-0: Ball
Zack Simmons steals 2nd base
1-0: Called Strike
1-1: Ball
2-1: Ball
3-1: Foul Ball, location: 2F
3-2: Strikes out looking
Bottom of the 3rd over - 0 runs, 1 hit, 0 errors, 1 left on base; Vancouver 3 - Bakersfield 0
TOP OF THE 4TH
Vancouver Thunderbirds batting - Pitching for Bakersfield Cannons : RHP Jeremy Vanover
Batting: RHB Alan West 0-0: Foul Ball, location: 2F
0-1: Ball
1-1: Ball
2-1: SINGLE (Line Drive, 89S, EV 106.9 MPH)
Batting: LHB Bubba Cain 0-0: Swinging Strike
0-1: Foul Ball, location: 2F
0-2: Strikes out swinging
Batting: RHB Ayden Harley 0-0: Called Strike
0-1: Swinging Strike
0-2: Ball
1-2: Foul Ball, location: 2F
1-2: Strikes out swinging
Batting: RHB Andrew Stejskal 0-0: SINGLE (Line Drive, 9LS, EV 93.8 MPH)
Alan West to second
Runner from 2nd tries for 3rd, SAFE, throw by RF made to third
Batting: LHB Damien Sidamon 0-0: Ball
1-0: Ball
2-0: SINGLE (Groundball, 6MD, EV 95.0 MPH)
Alan West scores
Andrew Stejskal to second
Batting: RHB Nickolas Kennedy 0-0: SINGLE (Groundball, 56D, EV 104.4 MPH)
Andrew Stejskal to third
Damien Sidamon to second
Runner from 3rd tries for Home, SAFE, throw by LF to home
Damien Sidamon to third
Nickolas Kennedy to second
Pitching: LHP Brayan Taglieri
Batting: LHB Emmanuel Thorn 0-0: Called Strike
0-1: Foul Ball, location: 2F
0-2: Ball
1-2: Foul Ball, location: 2F
1-2: Ball
2-2: Ball
3-2: Base on Balls
Batting: SHB Kyle O'Brien 0-0: Ball
1-0: Ball
2-0: Called Strike
2-1: Ball
3-1: Base on Balls
Damien Sidamon scores
Nickolas Kennedy to third
Emmanuel Thorn to second
Batting: LHB Colton Constable 0-0: Ball
1-0: Foul Ball, location: 2F
1-1: Foul Ball, location: 2F
1-2: Ball
2-2: Strikes out looking
Top of the 4th over - 3 runs, 4 hits, 0 errors, 3 left on base; Vancouver 6 - Bakersfield 0
BOTTOM OF THE 4TH
Bakersfield Cannons batting - Pitching for Vancouver Thunderbirds : RHP Charlie Reilly
Batting: LHB Keon Kakazai 0-0: Ball
1-0: Ball
2-0: Ground out U3 (Groundball, 34S, EV 88.8 MPH)
Batting: RHB Adrian Gramling 0-0: Foul Ball, location: 2F
0-1: SINGLE (Groundball, 34D, EV 106.2 MPH)
Batting: RHB Turk Dorey 0-0: Called Strike
0-1: Called Strike
0-2: Ball
Wild Pitch!
Adrian Gramling to second
1-2: Ball
2-2: Strikes out swinging
Batting: RHB Adan Natoli 0-0: Called Strike
0-1: Called Strike
0-2: Ball
1-2: Ball
2-2: Fly out, F7 (Flyball, 7, EV 86.9 MPH)
Bottom of the 4th over - 0 runs, 1 hit, 0 errors, 1 left on base; Vancouver 6 - Bakersfield 0
TOP OF THE 5TH
Vancouver Thunderbirds batting - Pitching for Bakersfield Cannons : LHP Brayan Taglieri
Batting: RHB Alan West 0-0: Fly out, F8 (Flyball, 8LD, EV 90.0 MPH)
Batting: LHB Bubba Cain 0-0: Ball
1-0: Called Strike
1-1: Ball
2-1: Ground out 6-3 (Groundball, 6M, EV 107.5 MPH)
Batting: RHB Ayden Harley 0-0: Ball
1-0: Foul Ball, location: 2F
1-1: DOUBLE (Groundball, 5L, EV 100.6 MPH)
Batting: RHB Andrew Stejskal 0-0: Foul Ball, location: 2F
0-1: Foul Ball, location: 2F
0-2: Strikes out swinging
Top of the 5th over - 0 runs, 1 hit, 0 errors, 1 left on base; Vancouver 6 - Bakersfield 0
BOTTOM OF THE 5TH
Bakersfield Cannons batting - Pitching for Vancouver Thunderbirds : RHP Charlie Reilly
Batting: RHB Jake Christensen 0-0: Ball
1-0: Ball
2-0: Called Strike
2-1: Called Strike
2-2: Strikes out looking
Batting: LHB Carlton Carreon 0-0: Called Strike
0-1: Ball
1-1: Ground out U3 (Groundball, 3, EV 111.9 MPH)
Batting: RHB Elroy Saenz 0-0: Ball
1-0: Called Strike
1-1: Ball
2-1: Fly out, F9 (Flyball, 89M, EV 88.1 MPH)
Bottom of the 5th over - 0 runs, 0 hits, 0 errors, 0 left on base; Vancouver 6 - Bakersfield 0
TOP OF THE 6TH
Vancouver Thunderbirds batting - Pitching for Bakersfield Cannons : LHP Brayan Taglieri
Batting: LHB Damien Sidamon 0-0: Ball
1-0: Ball
2-0: Foul Ball, location: 2F
2-1: Ball
3-1: Called Strike
3-2: Strikes out looking
Batting: RHB Nickolas Kennedy 0-0: Ball
1-0: Called Strike
1-1: Swinging Strike
1-2: Strikes out swinging
Batting: LHB Emmanuel Thorn 0-0: Ball
1-0: Ball
2-0: Foul Ball, location: 2F
2-1: Ground out 4-3 (Groundball, 4, EV 87.5 MPH)
Top of the 6th over - 0 runs, 0 hits, 0 errors, 0 left on base; Vancouver 6 - Bakersfield 0
BOTTOM OF THE 6TH
Bakersfield Cannons batting - Pitching for Vancouver Thunderbirds : RHP Charlie Reilly
Batting: RHB Zack Simmons 0-0: Ball
1-0: Foul Ball, location: 2F
1-1: Called Strike
1-2: SINGLE (Groundball, 4D, EV 101.2 MPH)
Batting: RHB Kaileb Romero 0-0: Called Strike
Zack Simmons steals 2nd base
0-1: Foul Ball, location: 2F
0-2: Strikes out swinging
Batting: LHB Keon Kakazai 0-0: DOUBLE (Line Drive, 7LD, EV 102.5 MPH)
Zack Simmons scores
Batting: RHB Adrian Gramling 0-0: Called Strike
0-1: Swinging Strike
0-2: Foul Ball, location: 2F
0-2: Ball
1-2: Ball
2-2: Foul Ball, location: 2F
2-2: 2-RUN HOME RUN (Flyball, 78XD, EV 101.9 MPH), Distance : 436 ft
Batting: RHB Turk Dorey 0-0: Fly out, F8 (Flyball, 89M, EV 90.0 MPH)
Batting: RHB Adan Natoli 0-0: Ball
1-0: Ball
2-0: Ball
3-0: Foul Ball, location: 2F
3-1: Ground out 5-3 (Groundball, 5S, EV 89.4 MPH)
Bottom of the 6th over - 3 runs, 3 hits, 0 errors, 0 left on base; Vancouver 6 - Bakersfield 3
TOP OF THE 7TH
Vancouver Thunderbirds batting - Pitching for Bakersfield Cannons : LHP Brayan Taglieri
Batting: SHB Kyle O'Brien 0-0: Ball
1-0: Called Strike
1-1: Foul Ball, location: 2F
1-2: Strikes out looking
Batting: LHB Colton Constable 0-0: Ball
1-0: Swinging Strike
1-1: Ball
2-1: Foul Ball, location: 2F
2-2: Strikes out swinging
Batting: RHB Alan West 0-0: Ball
1-0: SINGLE (Line Drive, 6D, EV 96.2 MPH)
Pitching: LHP Dalton Robbins
Batting: LHB Bubba Cain Balk!
Alan West to second
0-0: Ball
1-0: Foul Ball, location: 2F
1-1: Swinging Strike
1-2: Foul Ball, location: 2F
1-2: Strikes out swinging
Top of the 7th over - 0 runs, 1 hit, 0 errors, 1 left on base; Vancouver 6 - Bakersfield 3
BOTTOM OF THE 7TH
Bakersfield Cannons batting - Pitching for Vancouver Thunderbirds : RHP Charlie Reilly
Batting: RHB Jake Christensen 0-0: Ball
1-0: Ground out 5-3 (Groundball, 56S, EV 93.1 MPH)
Batting: LHB Carlton Carreon 0-0: Swinging Strike
0-1: Ball
1-1: Ground out 6-3 (Groundball, 6, EV 100.6 MPH)
Batting: RHB Elroy Saenz 0-0: Called Strike
0-1: Called Strike
0-2: SINGLE (Groundball, 34D, EV 94.4 MPH)
Batting: RHB Zack Simmons 0-0: Called Strike
0-1: Called Strike
0-2: Ball
1-2: DOUBLE (Line Drive, 7LD, EV 103.1 MPH)
Elroy Saenz to third
Runner from 3rd tries for Home, SAFE, throw by LF to home
Batting: RHB Kaileb Romero 0-0: Ground out 6-3 (Groundball, 6S, EV 70.6 MPH)
Bottom of the 7th over - 1 run, 2 hits, 0 errors, 1 left on base; Vancouver 6 - Bakersfield 4
TOP OF THE 8TH
Vancouver Thunderbirds batting - Pitching for Bakersfield Cannons : LHP Dalton Robbins
Batting: RHB Ayden Harley 0-0: Called Strike
0-1: Ball
1-1: Ball
2-1: Fly out, F9 (Line Drive, 9D, EV 107.5 MPH)
Batting: RHB Andrew Stejskal 0-0: Ball
1-0: Swinging Strike
1-1: Ball
2-1: Ground out U3 (Groundball, 3, EV 78.8 MPH)
Batting: LHB Damien Sidamon 0-0: Foul Ball, location: 2F
0-1: Foul Ball, location: 2F
0-2: Strikes out swinging
Top of the 8th over - 0 runs, 0 hits, 0 errors, 0 left on base; Vancouver 6 - Bakersfield 4
BOTTOM OF THE 8TH
Bakersfield Cannons batting - Pitching for Vancouver Thunderbirds : RHP Charlie Reilly
Now at 1B: Axel Loeding
Batting: LHB Keon Kakazai 0-0: Foul Ball, location: 2F
0-1: Called Strike
0-2: Foul Ball, location: 2F
0-2: Ground out 5-3 (Groundball, 5L, EV 91.2 MPH)
Batting: RHB Adrian Gramling 0-0: Called Strike
0-1: Ball
1-1: Ball
2-1: Swinging Strike
2-2: Foul Ball, location: 2F
2-2: Strikes out swinging
Batting: RHB Turk Dorey 0-0: Ball
1-0: Called Strike
1-1: Swinging Strike
1-2: Ball
2-2: Strikes out swinging
Bottom of the 8th over - 0 runs, 0 hits, 0 errors, 0 left on base; Vancouver 6 - Bakersfield 4
TOP OF THE 9TH
Vancouver Thunderbirds batting - Pitching for Bakersfield Cannons : LHP Dalton Robbins
Pitching: RHP Townes Parker
Batting: RHB Nickolas Kennedy 0-0: Swinging Strike
0-1: Called Strike
0-2: Foul Ball, location: 2F
0-2: Ball
1-2: Ball
2-2: Foul Ball, location: 2F
2-2: Ground out 5-3 (Groundball, 5S, EV 86.2 MPH)
Batting: LHB Emmanuel Thorn 0-0: Ball
1-0: Ball
2-0: Called Strike
2-1: Ball
3-1: Foul Ball, location: 2F
3-2: Foul Ball, location: 2F
3-2: Base on Balls
Batting: SHB Kyle O'Brien 0-0: Ball
1-0: Grounds into double play, 4-6-3 (Groundball, 4, EV 97.5 MPH)
Top of the 9th over - 0 runs, 0 hits, 0 errors, 0 left on base; Vancouver 6 - Bakersfield 4
BOTTOM OF THE 9TH
Bakersfield Cannons batting - Pitching for Vancouver Thunderbirds : RHP Charlie Reilly
Pitching: RHP Brendan Fruth
Now in LF: Colton Constable
Now in RF: Randy Logan
Batting: RHB Adan Natoli 0-0: Ball
1-0: SINGLE (Groundball, 34D, EV 105.0 MPH)
Batting: RHB Jake Christensen 0-0: Ball
1-0: Foul Ball, location: 2F
1-1: Fly out, F7 (Flyball, 7D, EV 99.4 MPH)
Batting: LHB Carlton Carreon 0-0: Called Strike
0-1: Ball
1-1: Called Strike
1-2: Foul Ball, location: 2F
1-2: Ball
2-2: SINGLE (Flyball, 5D, EV 95.0 MPH)
Adan Natoli to second
Pinch Hitting: LHB Britt Moore 0-0: Ball
1-0: SINGLE (Groundball, 34D, EV 107.5 MPH)
Adan Natoli to third
Carlton Carreon to second
Batting: RHB Zack Simmons 0-0: Called Strike
0-1: Swinging Strike
0-2: Strikes out swinging
Batting: RHB Kaileb Romero 0-0: Foul Ball, location: 2F
0-1: Ball
1-1: Foul Ball, location: 2F
1-2: Fly out, F8 (Flyball, 8LD, EV 99.4 MPH)
Bottom of the 9th over - 0 runs, 3 hits, 0 errors, 3 left on base; Vancouver 6 - Bakersfield 4
Sunday, March 17th , 2024 - OOTP Baseball 23.10 Build 110